 Dungeon Crawl Stone Soup version 0.25-a0-435-g4b9beb1 (webtiles) character file.

Game seed: 16982093768608678972, levelgen mode: deterministic

22 Auros the Digger (level 2, -3/24 HPs)
             Began as a Troll Earth Elementalist on Jan 28, 2020.
             Slain by a worm (5 damage)
             ... on level 2 of the Dungeon.
             The game lasted 00:04:37 (763 turns).

Auros the Digger (Troll Earth Elementalist)          Turns: 763, Time: 00:04:39

Health: -3/24      AC:  6    Str: 15    XL:     2   Next: 68%
Magic:  2/2        EV: 10    Int: 11    God:
Gold:   57         SH:  0    Dex: 10    Spells: 2/3 levels left

rFire    . . .     SeeInvis .     - Unarmed
rCold    . . .     Gourm    +   (no shield)
rNeg     . . .     Faith    .   c - +0 robe
rPois    .         Spirit   .   (helmet restricted)
rElec    .         Reflect  .   (no cloak)
rCorr    .         Harm     .   (gloves unavailable)
MR       .....                  (boots unavailable)
Stlth    +.........             (no amulet)
HPRegen  0.48/turn              (no ring)
MPRegen  0.08/turn              (no ring)

@: no status effects
A: large, unfitting armour, claws 3, fast metabolism 3, gourmand, regeneration
1, shaggy fur 1, tough skin 3
a: no special abilities


You were on level 2 of the Dungeon.
You were very full.

You visited 1 branch of the dungeon, and saw 2 of its levels.

You collected 57 gold pieces.

Inventory:

Hand Weapons
 i - a +3 hunting sling
Missiles
 j - 20 arrows
 l - 15 bolts
 Z - 45 stones (quivered)
Armour
 c - a +0 robe (worn)
Scrolls
 d - a scroll of fear {unknown}
 f - a scroll of enchant weapon {unknown}
 k - a scroll of remove curse {unknown}
 m - a scroll of identify {unknown}
Potions
 a - 2 potions of mutation {unknown}
 b - a potion of curing {unknown}
 e - a potion of lignification {unknown}
 g - 2 potions of haste {unknown}
Comestibles
 z - 2 rations


   Skills:
 - Level 1.5 Dodging
 - Level 1.0 Stealth
 + Level 1.5 Unarmed Combat
 - Level 1.2 Spellcasting
   Level 0.6 Transmutations
 + Level 3.2 Earth Magic


You had 2 spell levels left.
You knew the following spells:

 Your Spells              Type           Power        Failure   Level  Hunger
a - Sandblast             Erth           #.....       9%          1    ##.....

Your spell library contained the following spells:

 Spells                   Type           Power        Failure   Level  Hunger
 Passwall                 Tmut/Erth      #.......     22%         2    ###....
 Stone Arrow              Conj/Erth      #.....       43%         3    ####...
 Petrify                  Tmut/Erth      #.......     82%         4    #####..
 Lee's Rapid Deconstruct  Erth           #.........   93%         5    ######.


Dungeon Overview and Level Annotations

Branches:
Dungeon (2/15)

Altars:


Innate Abilities, Weirdness & Mutations

You are too large for most types of armour.
You have claws for hands.
Your metabolism is lightning-fast.
You like to eat raw meat.
Your natural rate of healing is unusually fast.
You are covered in fur. (AC +1)
You have extremely tough skin. (AC +3)


Message History

You scratch the worm but do no damage.
The worm is lightly wounded.
The bat barely misses you. The kobold hits you but does no damage.
The goblin hits you but does no damage.
You scratch the worm.
The worm is moderately wounded.
The kobold hits you but does no damage. The goblin barely misses you.
The bat barely misses you. The worm bites you!
* * * LOW HITPOINT WARNING * * *
You scratch the worm.
The worm is heavily wounded.
The bat hits you but does no damage. The kobold hits you but does no damage.
The goblin misses you.
You barely miss the worm.
The worm is heavily wounded.
The bat barely misses you.
The kobold hits you with a +0 short sword.
* * * LOW HITPOINT WARNING * * *
The bat barely misses you. The worm bites you.
You die...

#.... .# ....#.#
#...#.###.#
#.......#.#
#.....#.#.###
#=........#<#######.
#..K.w..#.#.#.......
#...@b..#.#.........
##...g(.>#.#...####.#
...........#..........
......................
.........##.##########
........>...(.
...####.###.### ...
... ... ##. #.#


You could see a worm, a goblin, a bat and a kobold.

Vanquished Creatures
  A dart slug (D:1)
  A goblin (D:1)
  5 hobgoblins (D:1)
  4 jackals (D:1)
  A kobold (D:1)
  A frilled lizard (D:1)
  5 rats (D:1)
18 creatures vanquished.

Notes
Turn   | Place    | Note
-------+----------+-------------------------------------------
     0 | D:1      | Auros the Troll Earth Elementalist began the quest for the
                  | Orb.
     0 | D:1      | Reached XP level 1. HP: 16/16 MP: 1/1
   131 | D:1      | Reached skill level 1 in Unarmed Combat
   131 | D:1      | Reached skill level 3 in Earth Magic
   136 | D:1      | Reached XP level 2. HP: 24/24 MP: 0/2
   763 | D:2      | Slain by a worm

Levels and vault maps discovered:
D:1:      dpeg_arrival_boxorama, layout_basic
D:2:      minmay_chambers_of_ones, layout_basic, first_ration,
          minmay_fractal_squares_5

Skill      XL: |  1 |
---------------+----+-----
Unarmed Combat | 1 |  1.5
Earth Magic    | 3 |  3.2
Dodging        | |  1.5
Stealth        | |  1.0
Spellcasting   | |  1.2
Transmutations | |  0.6

Action                   || total
-------------------------++-------
Melee: Unarmed           ||    64
Throw: Stone             ||    14
 Cast: Sandblast         ||     1
  Eat: Chunk             ||    11
Armor: Robe              ||    35
Dodge: Dodged            ||    53

Table legend:
 A = Non-vault XP
 B = Vault XP
 C = Vault XP percentage of total XP
 D = Non-vault monster count
 E = Vault monster count
 F = Vault count percentage of total count
                 A         B        C        D         E       F
            +---------+---------+-------+---------+---------+-------
      Total |      32 |       0 |   0.0 |      18 |       0 |   0.0
            +---------+---------+-------+---------+---------+-------
        D:1 |      32 |       0 |   0.0 |      18 |       0 |   0.0
            +---------+---------+-------+---------+---------+-------
